 Dungeon Crawl Stone Soup version 0.26.1-11-gd32895ea62 (webtiles) character file.

Game seed: 11520315614124463563

22295 MisterFreud the Spry (level 12, 0/85 HPs)
             Began as a Felid Berserker on May 20, 2021.
             Was a High Priest of Trog.
             Succumbed to a black mamba's poison
             ... on level 6 of the Lair of Beasts.
             The game lasted 00:28:52 (18951 turns).

MisterFreud the Spry (Felid Berserker)             Turns: 18951, Time: 00:28:52

Health: 0/85       AC:  3    Str: 13    XL:     12   Next: 61%
Magic:  13/13      EV: 35    Int:  9    God:    Trog [*****.]
Gold:   509        SH:  0    Dex: 26    Spells: 11/11 levels left
                                        Lives:  0   Deaths: 3

rFire    + . .     SeeInvis +     - Unarmed
rCold    + . .     Faith    .   (shield unavailable)
rNeg     + . .     Spirit   .   (armour unavailable)
rPois    .         Reflect  .   (helmet unavailable)
rElec    +         Harm     .   (cloak unavailable)
rCorr    .         Rampage  .   (gloves unavailable)
Will     +++..                  (boots unavailable)
Stlth    ..........             k - amulet of the acrobat
HPRegen  1.24/turn              C - ring "Dockuan" {+Inv rElec rF+ rN+ Slay+3}
MPRegen  0.13/turn              w - +6 ring of dexterity

@: berserking, lethally poisoned (0 -> -4), regenerating, very quick
A: very small, no armour, no weapons or thrown items, stealth, claws 1, fangs 3,
see invisible, speed 1, shaggy fur 3, sharp paws
a: Renounce Religion, Evoke Invisibility, Berserk, Trog's Hand, Brothers in Arms


You were on level 6 of the Lair of Beasts.
You worshipped Trog.
Trog was extremely pleased with you.
You visited 2 branches of the dungeon, and saw 17 of its levels.

You collected 1236 gold pieces.
You spent 727 gold pieces at shops.

Inventory:

Jewellery
 f - a +6 ring of intelligence
 k - an amulet of the acrobat (around neck)
 u - an uncursed ring of magical power
 w - a +6 ring of dexterity (right paw)
 C - the ring "Dockuan" (left paw) {+Inv rElec rF+ rN+ Slay+3}
   (You bought it in a shop on level 4 of the Dungeon)

   [ring of positive energy]

   It affects your accuracy and damage with ranged weapons and melee attacks
   (+3).
   It protects you from fire.
   It insulates you from electricity.
   It protects you from negative energy.
   It lets you turn invisible.
 I - an uncursed ring of resist corrosion
Wands
 e - a wand of acid (12)
 g - a wand of iceblast (37)
 o - a wand of random effects (55)
 p - a wand of enslavement (9)
 s - a wand of polymorph (5)
 v - a wand of paralysis (26)
 A - a wand of disintegration (10)
Scrolls
 a - 2 scrolls of immolation
 c - 7 scrolls of teleportation
 h - 2 scrolls of fear
 m - 8 scrolls of remove curse
 q - 3 scrolls of blinking
 y - a scroll of fog
 G - a scroll of magic mapping
Potions
 b - 4 potions of flight
 d - 2 potions of cancellation
 i - 6 potions of curing
 j - 4 potions of ambrosia
 l - 6 potions of lignification
 n - 3 potions of heal wounds
 r - a potion of resistance
 t - 3 potions of magic
 x - a potion of berserk rage {unknown}
 z - 2 potions of attraction
 D - 2 potions of haste {unknown}
 E - 2 potions of invisibility
 F - 4 potions of might
Miscellaneous
 B - a condenser vane
 H - a tin of tremorstones (2/2)
 J - a tin of tremorstones (2/2)


   Skills:
 + Level 9.4 Fighting
 - Level 16.0 Dodging
 - Level 10.0 Stealth
 - Level 10.0 Unarmed Combat
 - Level 15.0 Evocations


You had 11 spell levels left.
You didn't know any spells.
Your spell library was empty.

Dungeon Overview and Level Annotations

Branches:
Dungeon (11/15)            Temple (0/1) D:4            Lair (6/6) D:8
  Swamp (0/4) Lair:3        Snake (0/4) Lair:4        Slime (0/5) Lair:5
    Orc (0/2) D:10

Altars:
Cheibriados
Dithmenos
Gozag
Hepliaklqana
Kikubaaqudgha
Nemelex Xobeh
Okawaru
Sif Muna
Trog
Uskayaw
Vehumet
Wu Jian
Xom
Zin

Shops:
D:4 =   D:8 [

Annotations:
D:8 Gastronok
D:10 exclusions: orange crystal statue and 1 more exclusion


Innate Abilities, Weirdness & Mutations

You cannot wear armour.
You are incapable of wielding weapons or throwing items.
Your paws allow you to move quietly. (Stealth)
You have sharp claws.
You have razor-sharp teeth.
You have supernaturally acute eyesight. (SInv)
You cover ground quickly.
Your thick and shaggy fur keeps you warm. (AC +3, rC+)
Your sharp claws are effective at attacking unaware monsters.


Message History

You barely miss the black mamba. Your bite misses the black mamba.
The black mamba is almost dead.
The wolf completely misses you. The black mamba closely misses you.
The wolf misses you.
You barely miss the black mamba.
The black mamba is almost dead.
You feel sick. The black mamba bites you!
* * * LOW HITPOINT WARNING * * *
You are lethally poisoned!
The black mamba poisons you! The wolf misses you.
The wolf completely misses you.
You barely miss the black mamba. Your bite misses the black mamba.
The black mamba is almost dead.
* * * LOW HITPOINT WARNING * * *
You feel sick. The wolf completely misses you.
The black mamba completely misses you. The wolf completely misses you.
Unknown command.
You barely miss the black mamba. You claw the black mamba.
The black mamba is almost dead.
You die...

### #.... ##..##....#
#....P....#
.......#.# .......#
...?..# ####....# ###
#@h....# ###.# ###
#hS...##
#..#######P## #h....#
#...##.##...###.....#
#..................##
#..................#
#...............)..#
#..................#
#..................#


You could see a black mamba and 3 wolves.

Vanquished Creatures
  A stone giant (D:11)
  4 hydras
  A catoblepas (Lair:4)
  A centaur warrior (D:11)
  An ogre mage (D:11)
  Erolcha (D:9)
  2 two-headed ogres
  4 death yaks (Lair:6)
  An unseen horror (D:11)
  A deep elf mage (D:11)
  An ugly thing (D:11)
  A will-o-the-wisp (Lair:3)
  A manticore (D:7)
  Maurice (D:8)
  3 black mambas
  11 elephants (Lair:3)
  A gargoyle (D:11)
  7 cane toads
  A torpor snail (Lair:2)
  Maggie (D:6)
  2 rime drakes (Lair:4)
  7 komodo dragons
  A troll (D:11)
  3 polar bears
  A jumping spider (shapeshifter) (D:11)
  3 slime creatures
  11 blink frogs
  A hornet (D:11)
  2 dream sheep (D:10)
  Prince Ribbit (D:8)
  A wyvern (D:8)
  A water elemental (D:11)
  A basilisk (Lair:6)
  A wraith (D:10)
  25 yaks
  2 steam dragons (D:11)
  2 nagas (Lair:4)
  An acid dragon (D:11)
  10 water moccasins
  3 orc warriors
  Duvessa (D:6)
  3 phantoms
  3 ice beasts
  3 black bears
  An eye of draining (D:11)
  9 ogres
  5 wolves (Lair:4)
  3 centaurs
  4 big kobolds
  12 bullfrogs
  Dowan (D:6)
  4 scorpions
  9 killer bees (D:11)
  8 wights
  A howler monkey (D:5)
  An electric eel (D:11)
  A centaur zombie (D:6)
  2 quasits
  A bullfrog zombie (D:10)
  4 orc priests
  3 hounds
  4 jellies
  3 centaur skeletons
  A gnoll shaman (D:7)
  7 orc wizards
  3 iguanas
  5 worker ants
  2 hell rats (Lair:2)
  A hound skeleton (D:6)
  A worker ant zombie (D:11)
  11 gnolls
  8 adders
  7 river rats (Lair:2)
  3 shadow imps
  3 white imps
  3 ufetubi
  4 oozes
  2 adder skeletons
  5 worms
  3 dart slugs
  An adder simulacrum (D:7)
  2 leopard geckos
  29 orcs
  4 giant cockroaches
  5 goblins
  8 hobgoblins
  13 jackals
  4 quokkas
  4 ball pythons
  16 bats
  6 frilled lizards
  23 kobolds
  A quokka skeleton (D:6)
  A quokka zombie (D:8)
  12 rats
  A butterfly (Lair:2)
409 creatures vanquished.

Vanquished Creatures (collateral kills)
  A centaur warrior (D:11)
  A shadow wraith (D:11)
  An efreet (D:11)
  A hornet (D:11)
4 creatures vanquished.

Vanquished Creatures (others)
  6 fungi
  14 plants
20 creatures vanquished.

Grand Total: 433 creatures vanquished

Notes
Turn   | Place    | Note
-------+----------+-------------------------------------------
     0 | D:1      | MisterFreud the Felid Berserker began the quest for the
                  | Orb.
     0 | D:1      | Reached XP level 1. HP: 10/10 MP: 2/2
    30 | D:1      | Reached skill level 1 in Stealth
   226 | D:1      | Reached XP level 2. HP: 14/14 MP: 3/3
   747 | D:1      | Reached ** piety under Trog
   905 | D:1      | Reached XP level 3. HP: 16/17 MP: 4/4
  1438 | D:2      | Reached XP level 4. HP: 21/21 MP: 5/5
  2091 | D:3      | Reached *** piety under Trog
  2095 | D:3      | Reached XP level 5. HP: 24/24 MP: 6/6
  2226 | D:3      | Reached skill level 5 in Stealth
  2445 | D:3      | Reached skill level 5 in Unarmed Combat
  2614 | D:3      | Found an ancient bone altar of Kikubaaqudgha.
  2697 | D:3      | Found an ancient bone altar of Kikubaaqudgha.
  2808 | D:4      | Reached skill level 5 in Dodging
  3055 | D:4      | Gained mutation: You are covered in thick fur. (AC +2)
                  | [Felid growth]
  3055 | D:4      | Reached XP level 6. HP: 23/28 MP: 7/7
  3183 | D:4      | Found a staircase to the Ecumenical Temple.
  3198 | D:4      | Found Hymox's Jewellery Boutique.
  3299 | D:4      | Reached skill level 6 in Dodging
  3449 | D:4      | Found a glowing silver altar of Zin.
  3748 | D:5      | Entered Level 5 of the Dungeon
  3788 | D:5      | Shot with an arrow by a centaur
  3789 | D:5      | Reached XP level 5. HP: -2/24 MP: 6/6
  3947 | D:5      | Reached skill level 7 in Dodging
  3965 | D:5      | Noticed an ice beast
  3975 | D:5      | Killed an ice beast
  3976 | D:5      | Reached XP level 6. HP: 21/28 MP: 7/7
  4046 | D:5      | Reached skill level 8 in Dodging
  4273 | D:5      | Reached XP level 7. HP: 31/31 MP: 8/8
  4948 | D:6      | Noticed Maggie
  4960 | D:6      | Killed Maggie
  4961 | D:6      | Reached skill level 9 in Dodging
  4961 | D:6      | Reached XP level 8. HP: 20/36 MP: 9/9
  5096 | D:6      | Reached **** piety under Trog
  5287 | D:6      | Found a bloodstained altar of Trog.
  5295 | D:6      | Reached skill level 5 in Fighting
  5300 | D:6      | Found a shimmering blue altar of Sif Muna.
  5304 | D:6      | Identified Sif Muna's Handbook of Flight and Intoxication
  5412 | D:6      | Noticed Duvessa
  5418 | D:6      | Noticed Dowan
  5420 | D:6      | Killed Duvessa
  5424 | D:6      | Killed Dowan
  5700 | D:6      | Reached skill level 10 in Dodging
  5711 | D:6      | Reached XP level 9. HP: 36/39 MP: 10/10
  5733 | D:6      | Found a sparkling altar of Nemelex Xobeh.
  5989 | D:7      | Noticed a manticore
  5993 | D:7      | Killed a manticore
  6834 | D:7      | Found an ornate altar of the Wu Jian Council.
  7022 | D:8      | Found Ocruq's Armour Emporium.
  7157 | D:8      | Found a hazy altar of Hepliaklqana.
  7167 | D:8      | Reached skill level 1 in Evocations
  7358 | D:8      | Noticed Gastronok
  7489 | D:8      | Found a staircase to the Lair.
  7491 | D:8      | Found a snail-covered altar of Cheibriados.
  7522 | D:8      | Reached skill level 11 in Dodging
  7566 | D:8      | Noticed Maurice
  7581 | D:8      | Paralysed by Maurice for 3 turns
  7587 | D:8      | Killed Maurice
  7588 | D:8      | Reached skill level 10 in Stealth
  7924 | D:8      | Found a snail-covered altar of Cheibriados.
  7925 | D:8      | Found an iron altar of Okawaru.
  7925 | D:8      | Found a hide-covered altar of Uskayaw.
  7925 | D:8      | Found an opulent altar of Gozag.
  7926 | D:8      | Noticed Prince Ribbit
  7954 | D:8      | Killed Prince Ribbit
  7955 | D:8      | Reached XP level 10. HP: 41/45 MP: 11/11
  7994 | D:8      | Found a shadowy altar of Dithmenos.
  8000 | D:8      | Found a radiant altar of Vehumet.
  8290 | D:8      | Found a shimmering altar of Xom.
  8291 | D:8      | Noticed a two-headed ogre
  8412 | D:9      | Reached ***** piety under Trog
  8415 | D:9      | Noticed a two-headed ogre
  8415 | D:9      | Noticed Erolcha
  8637 | D:9      | Killed Erolcha
  8692 | D:9      | Reached skill level 12 in Dodging
  8866 | D:9      | Reached skill level 5 in Evocations
  9057 | D:9      | Killed a two-headed ogre
  9312 | D:10     | Entered Level 10 of the Dungeon
  9613 | D:10     | Noticed an orange crystal statue
 10169 | D:10     | Reached skill level 10 in Unarmed Combat
 10195 | D:10     | Found a staircase to the Orcish Mines.
 10504 | D:11     | Reached XP level 11. HP: 48/48 MP: 12/12
 10541 | D:11     | Noticed a stone giant
 10572 | D:11     | Found an iron altar of Okawaru.
 10801 | D:11     | Killed a stone giant
 10914 | D:11     | Noticed a red ugly thing
 10943 | D:11     | Killed a red ugly thing
 11064 | D:11     | Identified the Reference Book on Icy Malediction
 11071 | D:11     | Noticed a shadow wraith
 11071 | D:11     | Noticed a centaur warrior
 11078 | D:11     | Killed a shadow wraith
 11083 | D:11     | Reached skill level 10 in Evocations
 11090 | D:11     | Killed a centaur warrior
 11100 | D:11     | Noticed an unseen horror
 11113 | D:11     | Noticed a deep elf mage
 11146 | D:11     | Killed an unseen horror
 11240 | D:11     | Killed a deep elf mage
 11241 | D:11     | Reached skill level 13 in Dodging
 11510 | D:11     | Noticed an eight-headed hydra
 11534 | D:11     | Noticed an ogre mage
 11534 | D:11     | Noticed a centaur warrior
 11548 | D:11     | Killed a centaur warrior
 11549 | D:11     | Reached skill level 14 in Dodging
 11558 | D:11     | Killed from afar by an ogre mage
 11559 | D:11     | Reached XP level 10. HP: -27/45 MP: 11/11
 11611 | D:11     | Killed an ogre mage
 11612 | D:11     | Reached XP level 11. HP: 48/48 MP: 12/12
 11783 | D:11     | Noticed a two-headed ogre
 11790 | D:11     | Killed a two-headed ogre
 11791 | D:11     | Reached skill level 15 in Dodging
 11872 | D:11     | Noticed a death knight
 12169 | D:4      | Bought the ring "Dockuan" {+Inv rElec rF+ rN+ Slay+3} for
                  | 727 gold pieces
 12288 | Lair:1   | Entered Level 1 of the Lair of Beasts
 12401 | Lair:1   | Noticed an eight-headed hydra
 12411 | Lair:1   | Killed an eight-headed hydra
 14726 | Lair:2   | Reached skill level 16 in Dodging
 15485 | Lair:3   | Gained mutation: Your thick and shaggy fur keeps you warm.
                  | (AC +3, rC+) [Felid growth]
 15485 | Lair:3   | Reached XP level 12. HP: 47/52 MP: 10/13
 15537 | Lair:3   | Noticed a six-headed hydra
 15610 | Lair:3   | Killed a six-headed hydra
 15684 | Lair:3   | Found a staircase to the Swamp.
 16016 | Lair:3   | Found a shimmering altar of Xom.
 16392 | Lair:4   | Noticed a catoblepas
 16426 | Lair:4   | Mangled by a catoblepas
 16427 | Lair:4   | Reached XP level 11. HP: -9/46 MP: 12/12
 16550 | Lair:4   | Killed a catoblepas
 16889 | Lair:4   | Reached skill level 15 in Evocations
 16992 | Lair:4   | Reached XP level 12. HP: 52/52 MP: 13/13
 17441 | Lair:4   | Found a staircase to the Snake Pit.
 17910 | Lair:5   | Found a staircase to the Slime Pits.
 18526 | Lair:6   | Entered Level 6 of the Lair of Beasts
 18528 | Lair:6   | Noticed a death yak
 18529 | Lair:6   | Noticed an eight-headed hydra
 18531 | Lair:6   | Noticed a death yak
 18532 | Lair:6   | Noticed a death yak
 18533 | Lair:6   | Noticed a death yak
 18631 | Lair:6   | Noticed an eight-headed hydra
 18803 | Lair:6   | Noticed a death yak
 18803 | Lair:6   | Noticed a death yak
 18803 | Lair:6   | Noticed a death yak
 18804 | Lair:6   | Noticed a five-headed hydra
 18806 | Lair:6   | Killed a death yak
 18806 | Lair:6   | Noticed a death yak
 18822 | Lair:6   | Killed a death yak
 18826 | Lair:6   | Killed a death yak
 18829 | Lair:6   | Killed a five-headed hydra
 18833 | Lair:6   | Killed a death yak
 18897 | Lair:6   | Noticed a five-headed hydra
 18904 | Lair:6   | Killed a five-headed hydra
 18949 | Lair:6   | HP: 1/85 [black mamba (8)]
 18951 | Lair:6   | Succumbed to a black mamba's poison

Illustrated notes

Levels and vault maps discovered:
D:1:      lightli_arrival_flooded_house, layout_rooms, serial_bayou_pond_c,
          serial_bayou_ford_a, st_stairs_8
D:2:      layout_loops_cross
D:3:      layout_basic, lemuel_doored_altar, kennysheep_flooded_box
D:4:      layout_loops_ring, old_standard_altar,
          minmay_temple_entry_antechambers, serial_shops, shop_statue
D:5:      layout_gridville, minmay_misc_feat_nine_boxes,
          chequers_serial_rivers_micro_d, minmay_bent
D:6:      layout_basic, nzn_overflow_gifts_of_might_and_magic,
          nemelex_dance_club_becter, uniq_duvessa, uniq_maggie
D:7:      nzn_winding_woodlands_small [nzn_winding_woodlands_5x15_twine,
          nzn_winding_woodlands_center_diamonds,
          nzn_winding_woodlands_5x15_pool], layout_loops_cross,
          kennysheep_mini_moat
D:8:      layout_loops_ring, regret_index_temple_of_mockery,
          minmay_overflow_temple_hex, dpeg_oklobed_lair, serial_shops,
          nicolae_shop_stone, basic_altar, uniq_gastronok, uniq_prince_ribbit1,
          uniq_maurice
D:9:      layout_rooms, uniq_erolcha
D:10:     minmay_statue_hallways, layout_loops_ring, orc_0_dummy,
          hangedman_ranch [blue_anna_fruit_fields]
D:11:     minmay_the_grid_square_5x5_5x5 [minmay_the_grid_square_5x5_corner,
          minmay_the_grid_square_5x5_misaligned,
          minmay_the_grid_square_5x5_eight, minmay_the_grid_square_5x5_dogpile,
          minmay_the_grid_square_5x5_shuriken,
          minmay_the_grid_square_5x5_sharp_hourglass,
          minmay_the_grid_square_5x5_prize_itemx,
          minmay_the_grid_square_5x5_almost_minimal,
          minmay_the_grid_square_5x5_prize_open,
          minmay_the_grid_square_5x5_two_walls_a,
          minmay_the_grid_square_5x5_longway,
          minmay_the_grid_square_5x5_one_wall,
          minmay_the_grid_square_5x5_prize_junk,
          minmay_the_grid_square_5x5_three_small,
          minmay_the_grid_square_5x5_fancy_junction,
          minmay_the_grid_square_5x5_bite,
          minmay_the_grid_square_5x5_prize_snowflake,
          minmay_the_grid_square_5x5_three_walls,
          minmay_the_grid_square_5x5_prize_monsterx,
          minmay_the_grid_square_5x5_hourglass,
          minmay_the_grid_square_5x5_two_walls_b,
          minmay_the_grid_square_5x5_mess, minmay_the_grid_square_5x5_z,
          minmay_the_grid_square_5x5_empty, minmay_the_grid_square_5x5_c],
          layout_basic, hangedman_feature_mirror
Lair:1:   layout_cave_pods
Lair:2:   layout_cave_pods, kennysheep_rathole, lemuel_fruit_fields
Lair:3:   layout_concentric_octagons, minmay_swamp_entry_wisps, basic_altar,
          grunt_megastairs_5
Lair:4:   layout_regular_city, guppyfry_snake_entry_island,
          chequers_serial_rivers_micro_d
Lair:5:   layout_misc_corridors, minmay_slime_entry_pillars,
          chequers_serial_rivers_small_b
Lair:6:   cheibrodos_lair_end_hotspot, layout_hall_layers,
          gammafunk_ghost_wrathful_warriors

Skill      XL: |  1  2  3  4  5  6  7  8  9 10 11 12 |
---------------+-------------------------------------+-----
Stealth        | 1 2 3 4 5 7 8 10 | 10.0
Unarmed Combat | 4 5 6 8 10 | 10.0
Dodging        | 7 8 9 10 11 12 16 | 16.0
Fighting       | 4 5 6 9 |  9.4
Evocations     | 2 7 15 14 | 15.0

Action                   |  1- 3 |  4- 6 |  7- 9 | 10-12 || total
-------------------------+-------+-------+-------+-------++-------
Melee: Unarmed           |    86 |   187 |   290 |   850 ||  1413
       Bite              |     7 |    21 |    37 |   140 ||   205
       Punch             |       |     5 |    10 |    62 ||    77
Invok: Berserk           |     2 |     5 |     7 |    18 ||    32
       Trog's Hand       |       |     2 |     4 |    15 ||    21
       Brothers in Arms  |       |       |       |     1 ||     1
 Abil: Evoke Invisibilit |       |       |       |    11 ||    11
  Use: Scroll            |       |       |    18 |     9 ||    27
       Potion            |       |       |       |     2 ||     2
 Stab: Sleeping          |     6 |    15 |    16 |    33 ||    70
       Distracted        |       |     1 |     3 |     9 ||    13
       Invisible         |       |       |       |    49 ||    49
       Petrifying        |       |       |       |     3 ||     3
       Petrified         |       |       |       |     2 ||     2
Armor: Skin              |     9 |     5 |     7 |    17 ||    38
Dodge: Dodged            |    68 |   123 |   282 |   963 ||  1436
